 Dungeon Crawl Stone Soup version 0.26-a0-651-gb41185065b (webtiles) character file.

Game seed: 16265320361632491766

79 raph the Gusty (level 4, -4/24 HPs)
             Began as a Deep Elf Air Elementalist on Oct 27, 2020.
             Slain by a gnoll
             ... wielding a +0 spear
              (7 damage)
             ... on level 3 of the Dungeon.
             The game lasted 00:05:54 (2346 turns).

raph the Gusty (Deep Elf Air Elementalist)          Turns: 2346, Time: 00:05:55

Health: -4/24      AC:  3    Str:  5    XL:     4   Next: 17%
Magic:  10/11      EV: 13    Int: 21    God:
Gold:   180        SH:  0    Dex: 15    Spells: 3/9 levels left

rFire    . . .     SeeInvis .   f - +0 dagger (holy)
rCold    . . .     Faith    .   (no shield)
rNeg     . . .     Spirit   .   a - +1 robe
rPois    .         Reflect  .   (no helmet)
rElec    .         Harm     .   (no cloak)
rCorr    .         Rampage  .   (no gloves)
MR       .....                  (no boots)
Stlth    ++........             (no amulet)
HPRegen  0.08/turn              (no ring)
MPRegen  0.12/turn              (no ring)

@: no status effects
A: no striking features
a: no special abilities


You were on level 3 of the Dungeon.
You visited 1 branch of the dungeon, and saw 3 of its levels.

You collected 180 gold pieces.

Inventory:

Hand Weapons
 c - a +0 hand axe
 f - a +0 dagger of holy wrath (weapon)
Missiles
 b - 21 poisoned darts
 g - 8 curare-tipped darts (quivered)
Armour
 a - a +1 robe (worn)
Scrolls
 d - a scroll of identify
 i - a scroll of remove curse
Potions
 e - 2 potions of degeneration
 k - 2 potions of brilliance {unknown}
 l - 2 potions of lignification {unknown}


   Skills:
 - Level 2.4 Dodging
 - Level 2.4 Stealth
 + Level 3.3 Spellcasting
 * Level 2.8 Conjurations
 * Level 4.2 Air Magic


You had 3 spell levels left.
You knew the following spells:

 Your Spells              Type           Power        Failure   Level
a - Shock                 Conj/Air       ###.         3%          1
b - Swiftness             Air            ###.....     3%          2
c - Static Discharge      Conj/Air       ###.....     9%          3

Your spell library contained the following spells:

 Spells                   Type           Power        Failure   Level
 Airstrike                Air            ###.......   22%         4
 Lightning Bolt           Conj/Air       ###.......   63%         5


Dungeon Overview and Level Annotations

Branches:
Dungeon (3/15)

Altars:
Gozag
Makhleb
Xom
Yredelemnul


Message History

Found a stone staircase leading up.
The bat barely misses you.
An adder comes into view.
The gnoll hits you from afar with a +0 spear.
The gnoll barely misses you.
Found 13 bolts.
You barely miss the gnoll. The bat hits you. The bat misses you.
The gnoll hits you from afar with a +0 spear.
The gnoll hits you with a +0 spear.
You hit the gnoll.
The gnoll is lightly wounded.
The bat misses you. The bat hits you. The gnoll barely misses you.
The gnoll hits you with a +0 spear!
* * * LOW HITPOINT WARNING * * *
You are too injured to fight recklessly!
You are too injured to fight recklessly!
The bat closely misses you. x2; The bat hits you.
* * * LOW HITPOINT WARNING * * *
The gnoll hits you from afar with a +0 spear!
You die...

#.. ##### #.#
#...#######.####.#
#.(..............#
#...#######.######
##.## #.##### #.#
#.....# ###.##
#####.# .....#
######@####.(#
###..#
#......bS....#
...#
......bgg......
##.#
##.####g####<.. ..
# #.# .. .## #g#
.# #g# #.. ###


You could see 4 gnolls, an adder, a hobgoblin and 2 bats.

Vanquished Creatures
  Terence (D:2)
  An adder (D:2)
  2 oozes
  An orc (D:3)
  7 goblins
  8 hobgoblins
  A ball python (D:2)
  5 bats
  3 frilled lizards
  2 kobolds (D:3)
  5 rats
36 creatures vanquished.

Notes
Turn   | Place    | Note
-------+----------+-------------------------------------------
     0 | D:1      | raph the Deep Elf Air Elementalist began the quest for the
                  | Orb.
     0 | D:1      | Reached XP level 1. HP: 10/10 MP: 6/6
   412 | D:1      | Reached XP level 2. HP: 15/15 MP: 6/8
   514 | D:1      | Learned a level 2 spell: Swiftness
   800 | D:2      | Noticed Terence
  1076 | D:2      | Reached XP level 3. HP: 14/19 MP: 3/9
  1149 | D:2      | Learned a level 3 spell: Static Discharge
  1656 | D:2      | Killed Terence
  1656 | D:2      | Reached skill level 4 in Air Magic
  2077 | D:3      | Reached XP level 4. HP: 24/24 MP: 7/10
  2188 | D:3      | Found a burning altar of Makhleb.
  2188 | D:3      | Found a shimmering altar of Xom.
  2188 | D:3      | Found an opulent altar of Gozag.
  2189 | D:3      | Found a basalt altar of Yredelemnul.
  2346 | D:3      | Slain by a gnoll

Illustrated notes

Levels and vault maps discovered:
D:1:      onia_arrival_mini_spirals, layout_basic
D:2:      layout_basic, minmay_pentomino_u4, uniq_terence
D:3:      layout_loops_ring, chequers_temple_overflow_statue_of_worship

Skill      XL: |  1  2  3 |
---------------+----------+-----
Conjurations   | 2 |  2.8
Air Magic      | 4 |  4.2
Dodging        | |  2.4
Stealth        | |  2.4
Spellcasting   | |  3.3

Action                   |  1- 3 |  4- 6 || total
-------------------------+-------+-------++-------
Melee: Hand axe          |     3 |       ||     3
       Dagger            |       |     5 ||     5
 Cast: Shock             |    55 |    16 ||    71
  Use: Scroll            |       |     8 ||     8
Armor: Robe              |     4 |     5 ||     9
Dodge: Dodged            |    13 |    15 ||    28

Table legend: (Time is in decaauts)
 A = Elapsed time spent in this place.
 B = Non-inter-level travel time spent in this place.
 C = Inter-level travel time spent in this place.
 D = Time resting spent in this place.
 E = Time spent auto-exploring this place.
 F = Levels seen in this place.
 G = Mean time per level.
                   A        B        C        D        E       F      G
               +--------+--------+--------+--------+--------+-----+--------+
         Total |   2346 |   2254 |     92 |    928 |    954 |   3 |  782.0 |
       Dungeon |   2346 |   2254 |     92 |    928 |    954 |   3 |  782.0 |
               +--------+--------+--------+--------+--------+-----+--------+

Top non-repeatable levels by time:
     D:2: 1238 daAuts
     D:1: 838 daAuts
     D:3: 270 daAuts
